 Dungeon Crawl Stone Soup version 0.31-a0-233-g139696dc86 (webtiles) character file.

Game seed: 6839912291500340732

22 qw the Shooter (level 2, -1/24 HPs)
             Began as a Minotaur Hexslinger on July 9, 2023.
             Slain by an iguana (3 damage)
             ... on level 2 of the Dungeon.
             The game lasted 00:00:14 (563 turns).

qw the Shooter (Minotaur Hexslinger)                 Turns: 563, Time: 00:00:15

Health: -1/24      AC:  2    Str: 12    XL:     2   Next: 68%
Magic:  2/2        EV: 12    Int: 10    God:
Gold:   51         SH:  0    Dex: 12    Spells: 2/3 levels left

rFire   . . .        Y - +2 sling
rCold   . . .        (no shield)
rNeg    . . .        c - +0 robe
rPois   .            (helmet restricted)
rElec   .            (no cloak)
rCorr   .            (no gloves)
SInv    .            (no boots)
Will    .....        f - amulet of the acrobat
Stlth   +            (no ring)
HPRegen 0.24/turn    (no ring)
MPRegen 0.08/turn

%: acrobat
@: no status effects
A: horns 2, retaliatory headbutt
a: no special abilities


You were on level 2 of the Dungeon.
You visited 1 branch of the dungeon, and saw 2 of its levels.

You collected 51 gold pieces.


Innate Abilities, Weirdness & Mutations

You have a pair of horns on your head.
You reflexively headbutt those who attack you in melee.


   Skills:
 - Level 2.1 Fighting
 + Level 3.2 Ranged Weapons
 - Level 2.1 Dodging
 - Level 1.0 Spellcasting
 - Level 2.0 Hexes


You had 2 spell levels left.
You knew the following spells:

 Your Spells              Type           Power      Damage    Failure   Level
a - Slow                  Hex            16%        N/A       16%         1

Your spell library contained the following spells:

 Spells                   Type           Power      Damage    Failure   Level
 Inner Flame              Hex/Fire       2%         N/A       56%         3
 Portal Projectile        Hex/Tloc       4%         N/A       56%         3
 Cause Fear               Hex            2%         N/A       83%         4

Inventory:

Hand Weapons
 Y - a +2 sling (weapon)
Armour
 c - a +0 robe (worn)
Jewellery
 f - an amulet of the acrobat (around neck)
Potions
 a - a potion of curing {unknown}
 e - a potion of berserk rage {unknown}
 i - a potion of degeneration {unknown}

Dungeon Overview and Level Annotations

Branches:
Dungeon (2/15)

Altars:

Annotations:
D:2 Natasha


Message History

Done exploring.
(D) Dungeon
Where to? (* - list waypoints, ? - help)
What level of the Dungeon? (default 1, ? - help)
There is a stone staircase leading down here.
You climb downwards.
There is a stone staircase leading up here.
A ball python is nearby!
Waypoint 1 assigned to D:2.
You shoot a sling bullet. The sling bullet hits the ball python!
You kill the ball python!
Found a stone staircase leading down.
a - a glowing brown potion Natasha and an iguana come into view.
Natasha hisses angrily.
The iguana hisses angrily.
You hear an angry hiss. x2
A ball python comes into view.
You shoot a sling bullet.
The sling bullet barely misses the iguana.
The sling bullet hits the ball python.
You kill the ball python!
Natasha casts a spell.
You shoot a sling bullet.
The sling bullet hits the iguana but does no damage.
Natasha drinks a potion.
Natasha seems to speed up.
You shoot a sling bullet. The sling bullet hits the iguana.
The iguana is lightly wounded.
Natasha mumbles some strange words.
The iguana bites you!
You shoot a sling bullet.
The sling bullet barely misses the iguana.
The sling bullet hits Natasha.
Natasha is moderately wounded.
The iguana bites you!
You shoot a sling bullet.
The sling bullet barely misses the iguana.
The sling bullet hits Natasha.
Natasha is heavily wounded.
Natasha mumbles some strange words.
The iguana bites you.
You die...

#.# #......# #.#
#......# #># #......#
.##.#######.####......#
...............#......#.
###.###.................
#<.....#.#........
#.###..#.#........ #.#
#..#.#@....... #.#
#..#.#l....... #..
...#.#h#####..
#####.##.555 . #.##.#..
#.#.%. .... ....#


You could see an iguana, Natasha (fast) and 3 cerulean imps.

Vanquished Creatures
  A dart slug (D:1)
  2 endoplasms (D:1)
  2 giant cockroaches (D:1)
  A goblin (D:1)
  6 kobolds (D:1)
  A quokka (D:1)
  3 ball pythons
  2 bats (D:1)
  A rat (D:1)
19 creatures vanquished.

Notes
Turn   | Place    | Note
-------+----------+-------------------------------------------
     0 | D:1      | qw the Minotaur Hexslinger began the quest for the Orb.
     0 | D:1      | Reached XP level 1. HP: 16/16 MP: 1/1
     0 | D:1      | 0 ||| qw: Version: 0.3-a-51-g015441d
     0 | D:1      | 0 ||| qw: Game counter: 3847
     0 | D:1      | 0 ||| qw: Melee chars always use a shield: true
     0 | D:1      | 0 ||| qw: God list: Okawaru
     0 | D:1      | 0 ||| qw: Allow faded altars: false
     0 | D:1      | 0 ||| qw: Do Orc after clearing Dungeon:15 true
     0 | D:1      | 0 ||| qw: Do second Lair branch before Depths: true
     0 | D:1      | 0 ||| qw: Lair rune preference: random
     0 | D:1      | 0 ||| qw: Goals: Normal
     0 | D:1      | 0 ||| PLANNING D:1-11
    18 | D:1      | HP: 4/16 [quokka (4)]
    18 | D:1      | HP: 1/16 [quokka (3)]
   158 | D:1      | Reached skill level 3 in Ranged Weapons
   163 | D:1      | Reached XP level 2. HP: 23/23 MP: 2/2
   492 | D:1      | 492 ||| UPGRADING to amulet of the acrobat.
   497 | D:1      | 497 ||| READING scroll labelled IPUMIZ AKAA.
   498 | D:1      | 498 ||| READING scroll labelled WUH ME BENEC.
   499 | D:1      | 499 ||| READING scroll labelled WACYPA TUEGOU.
   500 | D:1      | 500 ||| READING scroll labelled GYUXKYADEBI.
   501 | D:1      | 501 ||| READING scroll labelled OLOZAZEUDD.
   502 | D:1      | 502 ||| DRINKING 2 bubbling sapphire potions.
   536 | D:1      | 536 ||| DROPPING scroll of poison.
   537 | D:1      | 537 ||| DROPPING potion of lignification.
   558 | D:2      | Noticed Natasha
   562 | D:2      | HP: 2/24 [iguana (11)]
   563 | D:2      | Slain by an iguana

Levels and vault maps discovered:
D:1:      tarquinn_simple_flora_water_d, layout_basic
D:2:      minmay_general_purpose_star, layout_basic, uniq_terence, uniq_natasha

Skill      XL: |  1  2 |
---------------+-------+-----
Ranged Weapons | 3 |  3.2
Fighting       | 2 |  2.1
Dodging        | |  2.1
Spellcasting   | |  1.0
Hexes          | |  2.0

Action                     || total
---------------------------++-------
   Fire: Sling             ||    46
    Use: Scroll            ||     5
         Potion            ||     1
  Dodge: Dodged            ||     8

Table legend:
 A = Non-vault XP
 B = Vault XP
 C = Vault XP percentage of total XP
 D = Non-vault monster count
 E = Vault monster count
 F = Vault count percentage of total count
                 A         B        C        D         E       F
            +---------+---------+-------+---------+---------+-------
      Total |      32 |       0 |   0.0 |      19 |       0 |   0.0
            +---------+---------+-------+---------+---------+-------
        D:1 |      29 |       0 |   0.0 |      17 |       0 |   0.0
        D:2 |       3 |       0 |   0.0 |       2 |       0 |   0.0
            +---------+---------+-------+---------+---------+-------
